 Dungeon Crawl Stone Soup version 0.31-a0-986-g5e6e4ef867 (webtiles) character file.

Game seed: 5354729572106486650

3445 dialectric the Unseen (level 9, -16/47 HPs)
             Began as a Spriggan Brigand on Nov 11, 2023.
             Demolished by a two-headed ogre
             ... wielding a +0 giant spiked club
              (18 damage)
             ... on level 8 of the Dungeon.
             The game lasted 00:13:10 (7443 turns).

dialectric the Unseen (Spriggan Brigand)            Turns: 7443, Time: 00:13:11

Health: -16/47     AC:  3    Str: 11    XL:     9   Next: 77%
Magic:  10/10      EV: 19    Int: 12    God:
Gold:   445        SH:  0    Dex: 17    Spells: 4/8 levels left

rFire   . . .        p - +3 dagger (venom)
rCold   + . .        (no shield)
rNeg    + . .        b - +0 robe
rPois   .            (helmet restricted)
rElec   .            c - +0 cloak
rCorr   .            (gloves unavailable)
SInv    +            (boots unavailable)
Will    +....        (no amulet)
Stlth   +++++++      v - ring of positive energy
HPRegen 0.27/turn    r - ring of protection from cold
MPRegen 0.12/turn

%: no passive effects
@: very quick
A: very small, no large weapons, unfitting armour, see invisible, speed 3
a: no special abilities


You were on level 8 of the Dungeon.
You visited 3 branches of the dungeon, and saw 11 of its levels.
You also visited: Ossuary.

You collected 445 gold pieces.

Inventory:

Hand Weapons
 a - a +2 dagger
 p - a +3 dagger of venom (weapon)
Missiles
 u - 2 atropa-tipped darts
Armour
 b - a +0 robe (worn)
 c - a +0 cloak (worn)
 J - +0 swamp dragon scales
Jewellery
 r - a ring of protection from cold (right hand)
 v - a ring of positive energy (left hand)
Talismans
 I - a maw talisman
Wands
 H - a wand of polymorph (2)
Scrolls
 e - a scroll of enchant armour {unknown}
 f - 4 scrolls of noise {unknown}
 i - a scroll of butterflies {unknown}
 j - 5 scrolls of blinking
 k - a scroll of revelation {unknown}
 n - 3 scrolls of teleportation {unknown}
 o - a scroll of brand weapon {unknown}
 q - 2 scrolls of torment {unknown}
 s - 2 scrolls of amnesia {unknown}
 w - 2 scrolls of fear {unknown}
 x - a scroll of fog {unknown}
 y - a scroll of identify
 F - a scroll of poison {unknown}
Potions
 g - 2 potions of haste
 h - 3 potions of heal wounds
 l - a potion of degeneration {unknown}
 m - 2 potions of cancellation {unknown}
 t - a potion of resistance
 z - a potion of berserk rage
 A - 2 potions of might
 B - a potion of invisibility {unknown}
 C - 2 potions of brilliance {unknown}
 D - a potion of attraction {unknown}
 E - a potion of curing {unknown}
 G - a potion of lignification {unknown}


   Skills:
 + Level 5.2 Fighting
 - Level 6.0 Short Blades
 + Level 3.1 Throwing
 - Level 5.2 Dodging
 * Level 16.8 Stealth


You had 4 spell levels left.
You knew the following spells:

 Your Spells              Type           Power      Damage    Failure   Level
a - Sticky Flame          Conj/Fire      0%         2d3       97%         4

Your spell library contained the following spells:

 Spells                   Type           Power      Damage    Failure   Level
 Wereblood                Tmut           0%         N/A       45%         2
 Inner Flame              Hex/Fire       0%         N/A       69%         3
 Brom's Barrelling Bould  Conj/Erth      0%         2d3       97%         4
 Flame Wave               Conj/Fire      0%         2d4       97%         4
 Fireball                 Conj/Fire      0%         3d3       100%        5
 Irradiate                Conj/Tmut      0%         3d11      100%        5
 Iskenderun's Battlesphe  Conj           0%         2d6       100%        5
 Yara's Violent Unravell  Hex/Tmut       0%         3d3       100%        5
 Conjure Ball Lightning   Conj/Air       0%         3x3d6     100%        6
 Enfeeble                 Hex            0%         N/A       100%        7
 Orb of Destruction       Conj           0%         9d5       100%        7


Dungeon Overview and Level Annotations

Branches:
Dungeon (9/15)             Temple (1/1) D:5            Lair (1/5) D:8
Ossuary (visited)
    Orc: D:9-12

Altars:
Ashenzari
Cheibriados
Dithmenos
Elyvilon
Fedhas
Hepliaklqana
Kikubaaqudgha
Makhleb
Okawaru
Qazlal
Ru
Sif Muna
Trog
Uskayaw
Vehumet
Wu Jian
Xom
Yredelemnul
Zin
The Shining One

Shops:
D:1 (

Annotations:
D:3 2 transporters, Grinder


Innate Abilities, Weirdness & Mutations

You are very small and have problems with some larger weapons.
You are too small for most types of armour.
You have supernaturally acute eyesight. (SInv)
You cover ground extremely quickly. (Speed+++)


Message History

The two-headed ogre looks even sicker.
The two-headed ogre is moderately wounded.
Throw: 3 darts (poison)
Press: ? - help, Q - select action, (/) - cycle Shift-Dir - straight line, f/p - two-headed ogre
Aim: a two-headed ogre, wielding a +0 giant spiked club and a +0 giant club (moderately wounded, very poisoned, 75% to hit)
You throw a poisoned dart.
The poisoned dart hits the two-headed ogre.
The two-headed ogre looks even sicker.
The two-headed ogre is moderately wounded.
Throw: 2 darts (poison)
Press: ? - help, Q - select action, (/) - cycle Shift-Dir - straight line, f/p - two-headed ogre
Aim: a two-headed ogre, wielding a +0 giant spiked club and a +0 giant club (moderately wounded, very poisoned, 75% to hit)
You throw a poisoned dart.
The poisoned dart hits the two-headed ogre.
The two-headed ogre looks as sick as possible!
The two-headed ogre is moderately wounded.
Unknown command.
Throw: dart (poison)
Press: ? - help, Q - select action, (/) - cycle Shift-Dir - straight line, f/p - two-headed ogre
Aim: a two-headed ogre, wielding a +0 giant spiked club and a +0 giant club (moderately wounded, extremely poisoned, 75% to hit)
You throw a poisoned dart.
The poisoned dart hits the two-headed ogre.
The two-headed ogre looks as sick as possible!
The two-headed ogre is moderately wounded.
Unknown command.
You hit the two-headed ogre but do no damage.
The two-headed ogre looks as sick as possible!
The two-headed ogre is severely wounded.
The two-headed ogre closely misses you.
The two-headed ogre hits you with a +0 giant club!!
* * * LOW HITPOINT WARNING * * *
You hit the two-headed ogre but do no damage.
The two-headed ogre looks as sick as possible!
The two-headed ogre is severely wounded.
You hit the two-headed ogre.
The two-headed ogre looks as sick as possible!
The two-headed ogre is severely wounded.
The two-headed ogre closely misses you.
The two-headed ogre hits you with a +0 giant club!!
You die...

#(##>###..........# ##.#####
#.(..# #..##..###.# #.# # #.####
#..##..# #.# #.# #(# #..##..# #.#
##'## #(######..##..# #.# ##...##
#.........##..###.# ##.....##
##(#######.##......# ##.......##
##...######.###.....###.........#
.....(.........O@....<'........)+
##...#.######.........#.........#
##.##.# #.#.#.###.##.......##
####.# #.#...# #.###.....## #.#
#.###.# #.# ##...## #.# #.# #.#
#.# ##+## #.# #.###.###.# #.# ##
#.# #.........# #.##### .. #.#
#####.##### ##.##...


You could see a two-headed ogre (extremely poisoned).

Vanquished Creatures
  A cane toad (Lair:1)
  Maggie (D:8)
  A hornet (D:8)
  A wyvern (D:8)
  2 water moccasins
  A black bear (D:5)
  An ice beast (D:5)
  A sky beast (D:7)
  A phantom (D:7)
  An elf zombie (D:7)
  A bullfrog (D:6)
  2 scorpions
  3 elf skeletons (D:7)
  7 water moccasin zombies (Ossuary)
  4 killer bees (D:8)
  A howler monkey (D:6)
  5 hounds
  A jelly (D:8)
  2 orc priests
  2 sleepcaps (D:4)
  Jessica (D:2)
  4 iguanas
  8 orc wizards
  2 mummies (Ossuary)
  8 gnolls
  8 adders
  2 white imps (D:6)
  5 adder zombies (Ossuary)
  2 worms
  12 dart slugs
  22 orcs
  7 bats
  5 endoplasms
  2 giant cockroaches (D:4)
  3 gnoll zombies (Ossuary)
  9 goblins
  5 hobgoblins
  3 jackals (D:1)
  7 quokkas
  10 ball pythons
  5 frilled lizards
  5 hobgoblin zombies (Ossuary)
  7 kobolds
  2 kobold zombies (Ossuary)
  An orc skeleton (D:7)
  8 orc zombies
  5 rats
197 creatures vanquished.

Notes
Turn   | Place    | Note
-------+----------+-------------------------------------------
     0 | D:1      | dialectric the Spriggan Brigand began the quest for the
                  | Orb.
     0 | D:1      | Reached XP level 1. HP: 10/10 MP: 2/2
    33 | D:1      | Found Waewnol's Antique Weapon Boutique.
    55 | D:1      | Reached skill level 6 in Stealth
   217 | D:1      | Reached XP level 2. HP: 5/14 MP: 3/3
   644 | D:1      | Reached XP level 3. HP: 18/18 MP: 4/4
   660 | D:2      | Reached skill level 7 in Stealth
   842 | D:2      | Noticed Jessica
   865 | D:2      | Killed Jessica
   866 | D:2      | Reached XP level 4. HP: 13/23 MP: 5/5
  1048 | D:2      | Found an ancient bone altar of Kikubaaqudgha.
  1817 | D:3      | Reached XP level 5. HP: 26/26 MP: 6/6
  2195 | D:3      | Found a transporter.
  2260 | D:3      | Found an ancient bone altar of Kikubaaqudgha.
  2262 | D:3      | Found a shimmering altar of Xom.
  2282 | D:3      | Found a transporter.
  2329 | D:3      | Noticed Grinder
  2618 | D:4      | Reached XP level 6. HP: 32/32 MP: 7/7
  2712 | D:4      | Noticed an orc warrior
  2721 | D:4      | HP: 1/32 [orc/+0 mace (7)]
  2922 | D:3      | Found a radiant altar of Vehumet.
  2922 | D:3      | Found a glowing silver altar of Zin.
  2923 | D:3      | Found a blossoming altar of Fedhas.
  3028 | D:4      | Found a sacrificial altar of Ru.
  3337 | D:5      | Entered Level 5 of the Dungeon
  3354 | D:4      | Reached skill level 8 in Stealth
  3395 | D:4      | Reached skill level 5 in Dodging
  3517 | D:5      | Found a staircase to the Ecumenical Temple.
  3543 | D:5      | Noticed an ice beast
  3549 | D:5      | Killed an ice beast
  3550 | D:5      | Reached XP level 7. HP: 35/35 MP: 8/8
  3571 | Temple   | Entered the Ecumenical Temple
  3719 | D:5      | Reached skill level 9 in Stealth
  4172 | D:6      | Reached skill level 5 in Short Blades
  4310 | D:6      | Learned a level 4 spell: Sticky Flame
  4368 | D:6      | Reached skill level 10 in Stealth
  4812 | D:6      | Found a glowing golden altar of the Shining One.
  4853 | D:6      | You fall into a shaft and drop 1 floor!
  4866 | D:7      | Reached XP level 8. HP: 26/40 MP: 9/9
  4923 | D:7      | Reached skill level 11 in Stealth
  4998 | D:7      | Found a sand-covered staircase.
  5009 | Ossuary  | Entered an ossuary
  5131 | Ossuary  | Reached skill level 12 in Stealth
  5518 | D:7      | Reached skill level 13 in Stealth
  5834 | D:7      | Reached XP level 9. HP: 11/46 MP: 10/10
  6202 | D:7      | Reached skill level 14 in Stealth
  6483 | D:8      | Reached skill level 15 in Stealth
  6940 | D:8      | Noticed Maggie
  6943 | D:8      | Killed Maggie
  6970 | D:8      | Found an iron altar of Okawaru.
  7005 | D:8      | Found a staircase to the Lair.
  7020 | D:8      | Reached skill level 5 in Fighting
  7041 | D:8      | Reached skill level 16 in Stealth
  7301 | Lair:1   | Entered Level 1 of the Lair of Beasts
  7301 | Lair:1   | Noticed a cane toad
  7309 | Lair:1   | Killed a cane toad
  7321 | Lair:1   | Noticed an elephant
  7322 | Lair:1   | Noticed an elephant
  7329 | Lair:1   | Noticed an elephant
  7329 | Lair:1   | Noticed an elephant
  7329 | Lair:1   | Noticed an elephant
  7330 | Lair:1   | Noticed an elephant
  7382 | D:9      | Noticed a two-headed ogre
  7441 | D:8      | HP: 1/47 [two-headed ogre/+0 giant spiked club (21)]
  7443 | D:8      | Demolished by a two-headed ogre

Illustrated notes

Levels and vault maps discovered:
D:1:      dpeg_arrival_round_a, layout_rooms, serial_shops, nicolae_diamond_shop
D:2:      layout_loops_ring, basic_altar, st_stairs_14, grunt_decor_resistance,
          minmay_misc_feat_tower, dk_noncrumbling_4, uniq_jessica
D:3:      gammafunk_wand_slinger, layout_rooms, grunt_temple_overflow_open,
          uniq_grinder, uniq_crazy_yiuf_cottage
D:4:      kennysheep_slugbush, layout_basic, mainiacjoe_overflow_alcove_2
D:5:      minmay_general_purpose_star, layout_rooms,
          minmay_temple_entry_junction_2
D:6:      layout_rooms, marbit_many_paths
D:7:      layout_cave_pods, nicolae_ossuary_entry_catacombs,
          grunt_decor_arrowhead, grunt_decor_junction
D:8:      layout_loops_corners, lemuel_tele_altar, lair_entry_dummy,
          roadster_trireme, uniq_pikel, uniq_maggie
D:9:      layout_irregular_city, grunt_temple_overflow_opulence,
          hiddenorc1_lemuel, serial_shops, nicolae_shop_gaudy_bauble
Temple:   hellmonk_temple_flake
Lair:1:   layout_gridlike, special_room [special_room_bee], beast_lair_carwin_2,
          grunt_megastairs_2, infiniplex_staircase_pool_2

Skill      XL: |  1  2  3  4  5  6  7  8  9 |
---------------+----------------------------+-----
Stealth        | 6 7 8 10 13 16 | 16.8
Fighting       | 2 3 4 5 |  5.2
Dodging        | 2 3 4 5 |  5.2
Short Blades   | 3 4 5 6 |  6.0
Throwing       | 3 |  3.1

Action                     |  1- 3 |  4- 6 |  7- 9 || total
---------------------------+-------+-------+-------++-------
  Melee: Dagger            |   131 |   223 |   384 ||   738
         Punch             |       |     2 |     6 ||     8
  Throw: Dart              |     2 |    18 |    21 ||    41
  Evoke: Wand              |       |       |     1 ||     1
    Use: Potion            |       |     2 |     1 ||     3
         Scroll            |       |       |     5 ||     5
   Stab: Sleeping          |     9 |    17 |    35 ||    61
         Distracted        |       |       |     1 ||     1
 Armour: Robe              |    37 |    74 |   113 ||   224
  Dodge: Dodged            |   110 |   180 |   246 ||   536

Table legend: (Time is in decaauts)
 A = Elapsed time spent in this place.
 B = Non-inter-level travel time spent in this place.
 C = Inter-level travel time spent in this place.
 D = Time resting spent in this place.
 E = Time spent auto-exploring this place.
 F = Levels seen in this place.
 G = Mean time per level.
                   A        B        C        D        E       F      G
               +--------+--------+--------+--------+--------+-----+--------+
         Total |   5368 |   5278 |     90 |    655 |   2903 |  12 |  447.3 |
       Dungeon |   5002 |   4912 |     90 |    655 |   2750 |   9 |  555.8 |
        Temple |     11 |     11 |      0 |      0 |      0 |   1 |   11.0 |
          Lair |     34 |     34 |      0 |      0 |      0 |   1 |   34.0 |
       Ossuary |    319 |    319 |      0 |      0 |    152 |   1 |  319.0 |
               +--------+--------+--------+--------+--------+-----+--------+

Top non-repeatable levels by time:
     D:7: 931 daAuts
     D:2: 788 daAuts
     D:4: 691 daAuts
     D:8: 605 daAuts
     D:3: 549 daAuts
     D:6: 531 daAuts
     D:1: 454 daAuts
     D:5: 432 daAuts
 Ossuary: 319 daAuts
  Lair:1: 34 daAuts
     D:9: 18 daAuts
  Temple: 11 daAuts
